AoeStats
← Est.in1974

Arena

509939235Analyzed
4v4 RM · 4d ago on Sep 28, 2026· 41m 19s· 8 players
Game mode
Random Map
Map size
Large (8 player)
Population
200
Speed
Normal
Resources
Standard
Victory
Conquest
Starting age
Dark Age
Ending age
Imperial Age
RankedLock teamsTeams togetherTeam positionsShared explorationLock speedFull tech treeHidden civsTurbo modeCheats
Victory
Defeat
🇩🇪 Lithuanians · Germany
1154
+12
🇦🇷 Vietnamese · Argentina
1127
+13
🇩🇪 Britons · Germany
1119
+14
🇮🇳 Turks · India
1032
+17
🇨🇱 Vietnamese · Chile
1096
-15
🇺🇸 Bohemians · United States
1087
-15
🇨🇭 Mongols · Switzerland
1069
-14
🇨🇴 Berbers · Colombia
1016
-12
¬"M°rph!ne !? .CH
8:50 Loom
10:36 Feudal Age
8:56 Loom
10:42 Feudal Age
15:55 Castle Age
13:50 Double-Bit Axe
13:47 Horse Collar
16:58 Heavy Plow
17:10 Bow Saw
23:29 Fletching
23:40 Padded Archer Armor
24:05 Stone Mining
24:07 Gold Mining
29:07 Imperial Age
27:56 Wheelbarrow
28:26 Stone Shaft Mining
28:27 Gold Shaft Mining
27:41 Town Watch
28:26 Ballistics
28:03 Bodkin Arrow
28:24 Leather Archer Armor
29:34 Hand Cart
29:58 Town Patrol
30:05 Bracer
30:15 Forging
30:12 Scale Barding Armor
30:09 Elite Mangudai
32:38 Iron Casting
32:34 Conscription
33:50 Chain Barding Armor
33:34 Husbandry
33:45 Bloodlines
36:10 Chemistry
35:35 Light Cavalry
37:25 Blast Furnace
36:41 Hussar
Bambuchagt
11:02 Feudal Age
14:56 Castle Age
16:15 Wheelbarrow
17:36 Double-Bit Axe
18:48 Bow Saw
19:51 Fervor
29:03 Imperial Age
26:21 Town Watch
27:06 Loom
33:57 Squires
34:03 Pikeman
36:57 Scale Mail Armor
37:08 Forging
Agneta
4:05 Loom
13:23 Feudal Age
18:24 Castle Age
16:41 Double-Bit Axe
16:54 Horse Collar
17:17 Gold Mining
17:37 Stone Mining
21:05 Bow Saw
23:36 Wheelbarrow
23:07 Heavy Plow
23:56 Gold Shaft Mining
24:40 Hand Cart
25:22 Town Watch
27:53 Town Patrol
30:03 Treadmill Crane
30:22 Murder Holes
31:56 Husbandry
32:06 Bloodlines
32:08 Forging
32:04 Scale Barding Armor
33:29 Iron Casting
36:31 Imperial Age
34:49 Chain Barding Armor
34:53 Fletching
36:33 Heavy Camel Rider
38:15 Blast Furnace
37:50 Plate Barding Armor
38:13 Plate Barding Armor
40:15 Maghrebi Camels
40:36 Conscription
41:32 Crop Rotation
Andrus
10:36 Feudal Age
15:17 Castle Age
13:34 Loom
25:06 Double-Bit Axe
25:25 Horse Collar
26:56 Elite Skirmisher
28:10 Town Watch
29:04 Padded Archer Armor
29:28 Heavy Plow
29:43 Fletching
31:13 Wheelbarrow
31:47 Leather Archer Armor
31:34 Bodkin Arrow
31:57 Leather Archer Armor
32:39 Hand Cart
33:41 Scale Barding Armor
33:49 Forging
33:41 Scale Mail Armor
37:01 Imperial Age
35:57 Thumb Ring
37:14 Fortified Wall
37:15 Masonry
36:47 Treadmill Crane
37:03 Murder Holes
37:36 Ballistics
37:21 Imperial Skirmisher
38:23 Bracer
38:53 Ring Archer Armor
40:45 Chemistry
40:25 Paper Money
40:55 Squires
40:16 Pikeman
41:13 Chain Mail Armor
41:35 Iron Casting
Est.in1974
11:17 Feudal Age
11:45 Horse Collar
12:14 Double-Bit Axe
14:11 Wheelbarrow
16:52 Castle Age
19:06 Fervor
21:11 Gold Mining
22:03 Hand Cart
21:59 Loom
23:12 Stone Mining
23:36 Bow Saw
28:57 Imperial Age
27:25 Heavy Plow
28:15 Scale Barding Armor
28:48 Forging
29:21 Bloodlines
29:12 Husbandry
30:59 Crop Rotation
31:32 Two-Man Saw
30:20 Town Watch
30:28 Cavalier
32:05 Chain Barding Armor
33:27 Plate Barding Armor
33:38 Paladin
34:42 Conscription
35:17 Iron Casting
35:49 Treadmill Crane
36:23 Fletching
36:56 Ballistics
37:36 Chemistry
38:41 Elite Leitis
39:57 Hoardings
39:20 Bodkin Arrow
39:38 Masonry
39:39 Fortified Wall
Rettich
9:11 Loom
11:07 Feudal Age
17:12 Castle Age
15:33 Double-Bit Axe
15:35 Horse Collar
21:30 Stone Mining
21:33 Gold Mining
25:12 Bow Saw
28:03 Imperial Age
27:13 Wheelbarrow
26:28 Man-at-Arms
26:58 Gambesons
27:07 Fletching
27:30 Forging
27:21 Scale Mail Armor
27:22 Padded Archer Armor
27:24 Squires
27:44 Heavy Plow
28:10 Ballistics
27:52 Town Watch
28:08 Long Swordsman
29:07 Bodkin Arrow
29:11 Two-Handed Swordsman
30:20 Chain Mail Armor
29:51 Elite Skirmisher
30:10 Champion
32:42 Gold Shaft Mining
33:56 Two-Man Saw
32:54 Imperial Skirmisher
33:42 Bracer
34:46 Chemistry
34:39 Leather Archer Armor
35:02 Iron Casting
34:59 Plate Mail Armor
35:01 Conscription
36:44 Ring Archer Armor
37:24 Yeomen
37:17 Masonry
38:43 Blast Furnace
39:41 Hand Cart
39:00 Pikeman
39:43 Halberdier
40:11 Crossbowman
Arham
3:06 Loom
3:35 Loom
12:15 Feudal Age
13:55 Horse Collar
17:17 Castle Age
15:15 Double-Bit Axe
16:18 Stone Mining
18:33 Heavy Plow
22:33 Wheelbarrow
23:14 Gold Mining
31:43 Imperial Age
31:49 Ballistics
32:17 Gold Shaft Mining
31:53 Bow Saw
32:05 Masonry
32:06 Fortified Wall
31:50 Elite Janissary
32:56 Conscription
32:02 Elite Janissary
33:03 Conscription
34:17 Padded Archer Armor
34:30 Forging
34:28 Scale Barding Armor
35:15 Architecture
34:41 Fletching
35:11 Hand Cart
35:32 Leather Archer Armor
35:54 Iron Casting
35:42 Chain Barding Armor
36:48 Ring Archer Armor
36:07 Town Watch
37:57 Bloodlines
37:49 Husbandry
38:00 Artillery
40:05 Bombard Tower
Marianob04
12:06 Feudal Age
16:19 Castle Age
14:15 Double-Bit Axe
20:04 Loom
21:10 Bow Saw
21:39 Horse Collar
22:46 Wheelbarrow
22:59 Gold Mining
27:13 Heavy Plow
27:29 Hand Cart
28:29 Fletching
30:03 Husbandry
30:42 Bodkin Arrow
31:41 Bloodlines
34:10 Imperial Age
31:27 Town Watch
32:04 Scale Barding Armor
32:57 Forging
33:51 Chain Barding Armor
34:45 Stone Mining
35:10 Chatras
35:57 Town Patrol
36:09 Elite Battle Elephant
38:00 Iron Casting
38:10 Scale Mail Armor
38:42 Crop Rotation
39:21 Plate Barding Armor
38:50 Chatras
39:15 Paper Money
38:31 Elite Fire Lancer
40:26 Chain Mail Armor
40:14 Bracer
40:49 Squires
Connection lost

Rejoining the realm…

Still unreachable

The connection could not be restored.

Session expired

The server has moved on; the page needs a fresh start.